 Dungeon Crawl Stone Soup version 0.28-a0-998-gb9e9c7b67e (webtiles) character file.

Game seed: 200517036217925373

158 DrunkBamboolord the Chiller (level 5, -1/35 HPs)
             Began as a Barachi Ice Elementalist on Dec 6, 2021.
             Killed by nerve-wracking pain
             ... invoked by Grinder
              (3 damage)
             ... while paralysed by Grinder
             ... on level 3 of the Dungeon.
             The game lasted 00:08:33 (2696 turns).

DrunkBamboolord the Chiller (BaIE)                  Turns: 2696, Time: 00:08:33

Health: -1/35      AC: 10    Str:  8 (9)  XL:     5   Next: 39%
Magic:  0/10       EV:  2    Int: 16 (17) God:
Gold:   72         SH:  0    Dex: 12 (13) Spells: 4/11 levels left

rFire   . . .      SeeInvis .   d - +0 long sword
rCold   . . .      Faith    .   (no shield)
rNeg    . . .      Spirit   .   a - +0 robe
rPois   .          Reflect  +   (helmet restricted)
rElec   .          Harm     .   (no cloak)
rCorr   .          Rampage  .   (no gloves)
Will    .....      Rage     1%  (no boots)
Stlth   ++........              f - amulet of reflection
HPRegen 0.11/turn               (no ring)
MPRegen 0.12/turn               (no ring)

@: paralysed, ice-armoured, flying, invisible, slow
A: amphibious, slowness 1, strong legs 1, +LOS, antennae 1, iridescent scales 1,
berserk 1
a: Hop


You were on level 3 of the Dungeon.
You visited 1 branch of the dungeon, and saw 3 of its levels.

You collected 72 gold pieces.

Inventory:

Hand Weapons
 d - a +0 long sword (weapon)
Armour
 a - a +0 robe (worn)
 c - a +0 helmet of intelligence
Jewellery
 f - an amulet of reflection (around neck)
Scrolls
 h - a scroll of blinking
 j - a scroll of identify {unknown}


   Skills:
 * Level 3.0 Dodging
 + Level 2.2 Stealth
 * Level 1.2 Shields
 * Level 3.9 Spellcasting
 * Level 5.7 Ice Magic


You had 4 spell levels left.
You knew the following spells:

 Your Spells              Type           Power      Damage    Failure   Level
a - Freeze                Ice            84%        1d10      1%          1
b - Frozen Ramparts       Ice            42%        1d6       4%          3
c - Ozocubu's Armour      Ice            21%        N/A       4%          3

Your spell library contained the following spells:

 Spells                   Type           Power      Damage    Failure   Level
 Hailstorm                Conj/Ice       12%        3d5       45%         4


Dungeon Overview and Level Annotations

Branches:
Dungeon (3/15)

Altars:

Annotations:
D:3 Grinder


Innate Abilities, Weirdness & Mutations

You are amphibious.
You cover ground slowly.
You can hop short distances.
You have an extended range of vision and can be seen from far away.
You have a pair of small antennae on your head.
You are partially covered in iridescent scales. (AC +2)
You tend to lose your temper in combat.


Message History

* * * LOW HITPOINT WARNING * * *
It was a potion of degeneration.
There was something very wrong with that liquid.
You feel weakened.
You feel dopey.
You feel clumsy. Grinder gestures at you. You resist with significant effort.
It was a potion of flight.
You feel very buoyant.
You fly up into the air.
Grinder hits you but does no damage.
You barely miss Grinder.
Grinder is severely wounded.
Grinder hits you.
* * * LOW HITPOINT WARNING * * *
Grinder hits you but does no damage.
Aiming: Freeze (safe; 1% risk of failure)
Press: ? - help, Q - select action, (/) - cycle Shift-Dir - straight line, f - Grinder
Aim: Grinder (severely wounded)
You freeze Grinder.
Grinder resists.
Grinder is severely wounded.
Grinder closely misses you.
Aiming: Freeze (safe; 1% risk of failure)
Press: ? - help, Q - select action, (/) - cycle Shift-Dir - straight line, f/p - Grinder
Aim: Grinder (severely wounded)
You freeze Grinder.
Grinder resists.
Grinder is severely wounded.
Grinder closely misses you.
You barely miss Grinder.
Grinder is severely wounded.
You are ready to hop once more.
Grinder misses you.
You closely miss Grinder.
Grinder is severely wounded.
Grinder says, "Tell me all your secrets, or I'll kill you."
Grinder hits you.
* * * LOW HITPOINT WARNING * * *
Grinder gestures at you.
You suddenly lose the ability to move!
Grinder gestures at you. Pain shoots through your body!
You die...

#.#.#.# #.#.#.#
....#.# ...##.###
.......># #.###.#.#
......#.#
........############
................@5.#
..################.#
..# #.# (. #.#
######### #5#
#.......# #.#
#.......# #.#
#.......# #.#
#.......########.#


You could see Grinder.

Vanquished Creatures
  A scorpion (D:3)
  2 adders (D:2)
  3 gnolls (D:2)
  2 worms
  3 bats (D:2)
  3 endoplasms
  3 giant cockroaches
  3 goblins
  2 hobgoblins
  5 jackals (D:1)
  2 kobolds (D:1)
  2 quokkas
  3 ball pythons
  A frilled lizard (D:2)
  4 rats
39 creatures vanquished.

Notes
Turn   | Place    | Note
-------+----------+-------------------------------------------
     0 | D:1      | DrunkBamboolord the Barachi Ice Elementalist began the
                  | quest for the Orb.
     0 | D:1      | Reached XP level 1. HP: 13/13 MP: 3/3
   222 | D:1      | Identified a scroll of acquirement
   222 | D:1      | Acquired a +0 helmet of intelligence
   561 | D:1      | Reached skill level 5 in Ice Magic
   561 | D:1      | Reached XP level 2. HP: 19/19 MP: 3/5
   866 | D:1      | Found a faded altar of an unknown god.
  1332 | D:2      | Reached XP level 3. HP: 23/24 MP: 4/6
  1336 | D:2      | Learned a level 3 spell: Frozen Ramparts
  1623 | D:2      | Reached XP level 4. HP: 23/30 MP: 2/9
  2153 | D:2      | Learned a level 3 spell: Ozocubu's Armour
  2546 | D:3      | Noticed a scorpion
  2557 | D:3      | Killed a scorpion
  2558 | D:3      | Reached skill level 1 in Shields
  2558 | D:3      | Reached XP level 5. HP: 35/35 MP: 1/10
  2634 | D:3      | Noticed Grinder
  2656 | D:3      | Paralysed by Grinder for 5 turns
  2678 | D:3      | Gained mutation: You tend to lose your temper in combat.
                  | [potion of mutation]
  2678 | D:3      | Gained mutation: You are partially covered in iridescent
                  | scales. (AC +2) [potion of mutation]
  2678 | D:3      | Gained mutation: You have a pair of small antennae on your
                  | head. [potion of mutation]
  2695 | D:3      | Paralysed by Grinder for 5 turns
  2696 | D:3      | Killed from afar by Grinder

Illustrated notes

Levels and vault maps discovered:
D:1:      wander_arrival_peaceful_grave, layout_loops_corners,
          hellmonk_ecumenical_altar_leap_of_faith, kennysheep_minor_cross,
          minmay_misc_feat_rows
D:2:      layout_basic, minmay_misc_feat_encased
D:3:      layout_basic, overflow_temple_1_default, uniq_grinder

Skill      XL: |  1  2  3  4 |
---------------+-------------+-----
Stealth        | 2 |  2.2
Ice Magic      | 5 |  5.7
Spellcasting   | 3 |  3.9
Dodging        | 3 |  3.0
Shields        | 1 |  1.2

Action                   |  1- 3 |  4- 6 || total
-------------------------+-------+-------++-------
Melee: Long sword        |    17 |    30 ||    47
       Unarmed           |     1 |       ||     1
 Cast: Freeze            |    33 |     8 ||    41
       Frozen Ramparts   |     1 |     8 ||     9
       Ozocubu's Armour  |       |     3 ||     3
 Abil: Hop               |       |     1 ||     1
  Use: Scroll            |     2 |       ||     2
       Potion            |       |     5 ||     5
 Stab: Sleeping          |     3 |     2 ||     5
Armor: Robe              |     8 |     8 ||    16
Dodge: Dodged            |    30 |    14 ||    44
Block: Other             |     6 |     4 ||    10

Table legend: (Time is in decaauts)
 A = Elapsed time spent in this place.
 B = Non-inter-level travel time spent in this place.
 C = Inter-level travel time spent in this place.
 D = Time resting spent in this place.
 E = Time spent auto-exploring this place.
 F = Levels seen in this place.
 G = Mean time per level.
                   A        B        C        D        E       F      G
               +--------+--------+--------+--------+--------+-----+--------+
         Total |   3044 |   2890 |    154 |    102 |   2377 |   3 | 1014.7 |
       Dungeon |   3044 |   2890 |    154 |    102 |   2377 |   3 | 1014.7 |
               +--------+--------+--------+--------+--------+-----+--------+

Top non-repeatable levels by time:
     D:1: 1430 daAuts
     D:2: 1292 daAuts
     D:3: 322 daAuts
